 Dungeon Crawl Stone Soup version 0.26-a0-837-g5a8a614f01 (webtiles) character file.

Game seed: 172477611492466298

310 Essalna the Firebug (level 6, -5/52 HPs)
             Began as a Tengu Fire Elementalist on Nov 18, 2020.
             Killed by divine providence
             ... invoked by an orc priest
              (16 damage)
             ... on level 5 of the Dungeon.
             The game lasted 00:07:39 (5477 turns).

Essalna the Firebug (Tengu Fire Elementalist)       Turns: 5477, Time: 00:07:40

Health: -5/52      AC: 23    Str:  9    XL:     6   Next: 41%
Magic:  5/11       EV:  2    Int: 17    God:
Gold:   321        SH:  0    Dex: 18    Spells: 10/11 levels left

rFire    . . .     SeeInvis .   f - +0 dagger
rCold    + . .     Faith    .   (no shield)
rNeg     + + +     Spirit   .   (armour currently unavailable)
rPois    +         Reflect  .   (helmet currently unavailable)
rElec    .         Harm     .   (cloak currently unavailable)
rCorr    .         Rampage  .   (gloves currently unavailable)
MR       .....     NoTele   +   (boots unavailable)
Stlth    ++........             (no amulet)
HPRegen  0.17/turn              h - +6 ring of dexterity
MPRegen  0.12/turn              k - ring of protection from cold

@: tree-form
A: clumsy 1, able to fly
a: Fly


You were on level 5 of the Dungeon.
You were a tree.
You visited 1 branch of the dungeon, and saw 5 of its levels.

You collected 321 gold pieces.

Inventory:

Hand Weapons
 f - a +0 dagger (weapon)
Armour
 a - a +0 robe
 v - a +2 leather armour of cold resistance (melded)
Jewellery
 h - a +6 ring of dexterity (left branch)
 k - a ring of protection from cold (right branch)
Wands
 s - a wand of paralysis (6)
Scrolls
 b - 4 scrolls of remove curse {unknown}
 e - 3 scrolls of amnesia {unknown}
 j - 2 scrolls of magic mapping {unknown}
 l - 4 scrolls of identify {unknown}
 m - a scroll of teleportation {unknown}
 n - a scroll of immolation {unknown}
 o - a scroll of blinking {unknown}
 p - 2 scrolls of enchant armour {unknown}
 w - a scroll of noise {unknown}
Potions
 c - a potion of heal wounds
 d - 2 potions of mutation
 g - a potion of curing {unknown}
 i - 2 potions of cancellation
 q - a potion of degeneration {unknown}
 r - a potion of lignification
 t - a potion of attraction {unknown}
 u - a potion of might {unknown}


   Skills:
 + Level 2.2 Fighting
 + Level 2.7 Armour
 + Level 3.5 Dodging
 - Level 2.0 Stealth
 + Level 3.0 Spellcasting
 + Level 3.3 Conjurations
 + Level 4.2 Fire Magic


You had 10 spell levels left.
You knew the following spells:

 Your Spells              Type           Power        Failure   Level
a - Foxfire               Conj/Fire      ###.         3%          1

Your spell library contained the following spells:

 Spells                   Type           Power        Failure   Level
 Conjure Flame            Conj/Fire      ###.....     11%         3
 Animate Skeleton         Necr           #.....       17%         1
 Apportation              Tloc           #.....       17%         1
 Corona                   Hex            #......      17%         1
 Summon Small Mammal      Summ           #...         17%         1
 Inner Flame              Hex/Fire       #.......     22%         3
 Sticky Flame             Conj/Fire      ###.....     36%         4
 Fireball                 Conj/Fire      ###.......   71%         5


Dungeon Overview and Level Annotations

Branches:
Dungeon (5/15)
 Temple: D:4-7

Altars:
Sif Muna
Xom

Shops:
D:4 ?


Innate Abilities, Weirdness & Mutations

((You have a beak for a mouth.))
((You have claws for feet.))
You can fly continuously.
((You are partially covered in large bone plates. (SH +4)))
You are clumsy. (Dex -2)


Message History

You barely miss the orc wizard.
The orc wizard is severely wounded.
The orc wizard hits you but does no damage.
The orc priest hits you with a +0 club.
* * * LOW HITPOINT WARNING * * *
The orc priest calls upon Beogh to heal the orc wizard.
The orc wizard is healed somewhat.
You hit the orc wizard.
The orc wizard is heavily wounded.
The orc wizard hits you but does no damage.
The orc priest calls upon Beogh to heal the orc wizard.
The orc wizard is healed somewhat.
The orc wizard hits you but does no damage.
You hit the orc wizard.
The orc wizard is moderately wounded.
The orc wizard hits you but does no damage.
The orc priest hits you but does no damage.
The orc priest calls down the wrath of Beogh upon you.
Beogh smites you!
You die...

#.#.# #o# #.# #.#.#
#.# #.# #.#)# #.#
#.# #.#.# #.#####.#
#.#.# #.......#
#.#.# ####o####
#.#.# #.#
#.#########o######
#......<.♣oo...†...
##########o########
#.# #.# #.# #.# ...
#.. .#.


You could see 2 orc priests, an orc wizard (fast) and an orc.

Vanquished Creatures
  A bullfrog skeleton (D:4)
  3 orc wizards
  2 iguanas
  3 gnolls (D:5)
  3 adders
  An ooze (D:3)
  4 worms
  3 dart slugs
  6 orcs
  6 bats
  3 giant cockroaches (D:2)
  10 goblins
  4 hobgoblins
  3 jackals (D:3)
  6 kobolds
  A quokka (D:2)
  A ball python (D:2)
  3 frilled lizards
  5 rats
68 creatures vanquished.

Vanquished Creatures (collateral kills)
  2 foxfires
2 creatures vanquished.

Vanquished Creatures (others)
  306 foxfires
  3 plants (D:2)
309 creatures vanquished.

Grand Total: 379 creatures vanquished

Notes
Turn   | Place    | Note
-------+----------+-------------------------------------------
     0 | D:1      | Essalna the Tengu Fire Elementalist began the quest for the
                  | Orb.
     0 | D:1      | Reached XP level 1. HP: 10/10 MP: 4/4
   409 | D:1      | Reached XP level 2. HP: 15/15 MP: 1/6
  1136 | D:2      | Reached skill level 1 in Armour
  1139 | D:2      | Reached XP level 3. HP: 20/20 MP: 7/7
  1397 | D:2      | Found a faded altar of an unknown god.
  1476 | D:2      | Reached skill level 1 in Fighting
  2727 | D:3      | Found a shimmering altar of Xom.
  2740 | D:3      | Reached XP level 4. HP: 25/25 MP: 3/8
  2784 | D:3      | Found a shimmering blue altar of Sif Muna.
  2810 | D:3      | Gained mutation: You can fly continuously. [Tengu growth]
  2810 | D:3      | Reached XP level 5. HP: 29/29 MP: 2/9
  4085 | D:4      | Found Umny's Magic Scroll Shop.
  4263 | D:4      | Reached skill level 4 in Fire Magic
  4559 | D:4      | Reached XP level 6. HP: 35/35 MP: 0/11
  5218 | D:5      | Entered Level 5 of the Dungeon
  5455 | D:5      | Gained mutation: You are clumsy. (Dex -2) [potion of
                  | mutation]
  5455 | D:5      | Gained mutation: You are partially covered in large bone
                  | plates. (SH +4) [potion of mutation]
  5458 | D:5      | HP: 1/35 [orc wizard/puff of frost (2)]
  5477 | D:5      | Killed from afar by an orc priest

Illustrated notes

Levels and vault maps discovered:
D:1:      giann_forest_graveyard, layout_basic, serial_forest,
          infiniplex_forest_straight_2, infiniplex_forest_end_2,
          infiniplex_forest_end_2, infiniplex_forest_clump_C
D:2:      cheibrodos_helix_gallery, layout_basic,
          chequers_ecumenical_altar_lobes, mrwooster_statue_mirror,
          chequers_jeans
D:3:      lemuel_upstairs_altar, layout_loops_corners, xom_teletrap_fun,
          led_sif_book
D:4:      layout_cave_pods, serial_shops, nicolae_shop_statue_plus
D:5:      layout_loops_ring, gammafunk_ghost_split, serial_shops,
          kennysheep_mini, grunt_decor_junction, uniq_grinder

Skill      XL: |  1  2  3  4  5  6 |
---------------+-------------------+-----
Armour         | 1 2 |  2.7
Fighting       | 1 2 |  2.2
Conjurations   | 2 3 |  3.3
Dodging        | 3 |  3.5
Fire Magic     | 4 |  4.2
Spellcasting   | 3 |  3.0
Stealth        | |  2.0

Action                   |  1- 3 |  4- 6 || total
-------------------------+-------+-------++-------
Melee: Dagger            |    33 |    24 ||    57
       Kick              |     9 |     5 ||    14
       Peck              |     6 |       ||     6
 Cast: Foxfire           |    81 |   113 ||   194
  Use: Potion            |       |     4 ||     4
 Stab: Sleeping          |     2 |     1 ||     3
Armor: Robe              |     4 |       ||     4
       Skin              |       |    24 ||    24
Dodge: Dodged            |    29 |    18 ||    47

Table legend: (Time is in decaauts)
 A = Elapsed time spent in this place.
 B = Non-inter-level travel time spent in this place.
 C = Inter-level travel time spent in this place.
 D = Time resting spent in this place.
 E = Time spent auto-exploring this place.
 F = Levels seen in this place.
 G = Mean time per level.
                   A        B        C        D        E       F      G
               +--------+--------+--------+--------+--------+-----+--------+
         Total |   5475 |   5328 |    147 |      0 |   4812 |   5 | 1095.0 |
       Dungeon |   5475 |   5328 |    147 |      0 |   4812 |   5 | 1095.0 |
               +--------+--------+--------+--------+--------+-----+--------+

Top non-repeatable levels by time:
     D:3: 1828 daAuts
     D:2: 1266 daAuts
     D:4: 1195 daAuts
     D:1: 925 daAuts
     D:5: 258 daAuts
